 Dungeon Crawl Stone Soup version 0.23-a0-180-ga5275e7ff7 (webtiles) character file.

15 Atweeke the Caller (level 2, -1/20 HPs)
             Began as a Hill Orc Summoner on Sept 18, 2018.
             Slain by a kobold
             ... wielding a +0 whip
              (2 damage)
             ... on level 1 of the Dungeon.
             The game lasted 00:03:04 (520 turns).

Atweeke the Caller (Hill Orc Summoner)               Turns: 520, Time: 00:03:05

Health: -1/20      AC:  2    Str: 10    XL:     2   Next: 50%
Magic:  4/4        EV: 12    Int: 15    God:
Gold:   29         SH:  0    Dex: 11    Spells: 1/4 levels left

rFire    . . .     SeeInvis .   e - +0 club
rCold    . . .     Gourm    .   (no shield)
rNeg     . . .     Faith    .   a - +0 robe
rPois    .         Spirit   .   (no helmet)
rElec    .         Reflect  .   (no cloak)
rCorr    .         Harm     .   (no gloves)
MR       .....                  (no boots)
Stlth    ++........             (no amulet)
HPRegen  0.06/turn              (no ring)
MPRegen  0.09/turn              (no ring)

@: no status effects
A: no striking features
a: no special abilities


You were on level 1 of the Dungeon.
You were not hungry.

You visited 1 branch of the dungeon, and saw 1 of its levels.

You collected 29 gold pieces.

Inventory:

Hand Weapons
 e - a +0 club (weapon)
   (You took it off a goblin on level 1 of the Dungeon)
Missiles
 d - 81 stones (quivered)
Armour
 a - a +0 robe (worn)
Scrolls
 b - a scroll of enchant weapon {unknown}
 f - a scroll of magic mapping {unknown}
Potions
 g - a potion of resistance {unknown}
 h - a potion of flight {unknown}
Comestibles
 c - 6 rations
 i - a chunk of flesh


   Skills:
 * Level 0.0 Maces & Flails
 - Level 1.6 Dodging
 - Level 1.9 Stealth
 + Level 1.8 Spellcasting
 + Level 4.2 Summonings


You had one spell level left.
You knew the following spells:

 Your Spells              Type           Power        Failure   Level  Hunger
s - Call Imp              Summ           ##......     6%          2    ###....
z - Summon Small Mammal   Summ           ##..         4%          1    ##.....

Your spell library contained the following spells:

 Spells                   Type           Power        Failure   Level  Hunger
 Call Canine Familiar     Summ           ##......     12%         3    ####...
 Summon Guardian Golem    Hex/Summ       #.......     28%         3    ####...
 Summon Ice Beast         Ice/Summ       #.......     67%         4    #####..
 Summon Lightning Spire   Summ/Air       #.......     67%         4    #####..


Dungeon Overview and Level Annotations

Branches:
Dungeon (1/15)

Altars:


Message History

The puff of frost hits the kobold.
The kobold dies!
No target in view!
No target in view!
No target in view!
d - 40 stones (gained 2)
You see here a kobold corpse.
d - 43 stones (gained 3)
You now have 29 gold pieces (gained 15).
Your crimson imp disappears in a puff of smoke!
c - 4 rations (gained 1)
c - 5 rations (gained 1)
f - a scroll labeled TODAUMA EC CAOGG A frilled lizard comes into view.
The frilled lizard hisses angrily.
Found a spear.
A frilled lizard is nearby!
A kobold comes into view.
The kobold shouts!
Found a fizzy purple potion.
The frilled lizard closely misses you.
You closely miss the frilled lizard. The frilled lizard closely misses you.
The frilled lizard barely misses you.
You barely miss the frilled lizard.
Your white imp gestures at the frilled lizard.
The puff of frost hits the frilled lizard.
The frilled lizard dies!
Your white imp hits the kobold.
Your white imp freezes the kobold.
The kobold dies!
No target in view!
No target in view!
Search for what [? for help]? flail A kobold comes into view.
It is wielding a club.
A kobold is nearby!
The kobold hits you with a club.
You hit the kobold but do no damage. The kobold hits you with a club.
You hit the kobold.
The kobold is moderately wounded.
Your white imp hits the kobold.
Your white imp freezes the kobold.
The kobold dies!
No target in view!
No target in view!
Things that are here:
a club; a kobold corpse Your white imp disappears in a puff of smoke!
h - a fizzy purple potion You see here a spear.
You see here a spear.
A kobold comes into view.
The kobold shouts!
The kobold throws a stone.
The stone closely misses you.
You see here a stone.
A kobold is nearby!
A bat comes into view.
The kobold throws a stone.
The stone barely misses you. The kobold hits you.
Found 16 stones.
You closely miss the kobold. The kobold hits you.
You closely miss the kobold. The kobold hits you but does no damage.
You hit the kobold.
You kill the kobold!
You miss the bat. The bat hits you but does no damage.
You miss the bat. The bat closely misses you. The bat barely misses you.
You hit the bat.
You kill the bat!
No target in view!
No target in view!
d - 44 stones (gained 1)
You butcher the bat corpse.
i - a chunk of flesh You see here a bat skeleton. x2
d - 45 stones (gained 1)
c - 6 rations (gained 1)
You see here a kobold corpse.
d - 61 stones (gained 16)
d - 81 stones (gained 20)
A kobold comes into view. It is wielding a whip.
A kobold is nearby!
The kobold hits you with a whip.
You are too injured to fight recklessly!
You are too injured to fight recklessly!
You are too injured to fight recklessly!
You are too injured to fight recklessly!
You are too injured to fight recklessly!
You closely miss the kobold. The kobold barely misses you.
The kobold hits you with a whip.
You miss the kobold. The kobold hits you but does no damage.
You hit the kobold.
The kobold is heavily wounded.
The kobold hits you with a whip.
* * * LOW HITPOINT WARNING * * *
You hit the kobold but do no damage.
The kobold is heavily wounded.
The kobold hits you with a whip.
* * * LOW HITPOINT WARNING * * *
The kobold closely misses you.
You barely miss the kobold.
The kobold is heavily wounded.
The kobold hits you with a whip.
You die...

#.......#.....#...........
#.....###.###†###.....)...
#.....#...# #...#.#.......
#....†###.###.###.#####...
#.......#....÷#...## ##..
#####...###.###....# ###
........#.#......# #
........#.#.)....###
......K@.........).####
#######.##.......#....##
#..........####...
####.......# ##..
#.......# #.. #.......#
#.. #.......# #..
######### ###


You could see a kobold.

Vanquished Creatures
  2 bats (D:1)
  A giant cockroach (D:1)
  A goblin (D:1)
  A hobgoblin (D:1)
  A kobold (D:1)
6 creatures vanquished.

Vanquished Creatures (collateral kills)
  A leopard gecko (D:1)
  A bat (D:1)
  A goblin (D:1)
  A hobgoblin (D:1)
  A frilled lizard (D:1)
  4 kobolds (D:1)
  2 rats (D:1)
11 creatures vanquished.

Grand Total: 17 creatures vanquished

Notes
Turn   | Place    | Note
-------+----------+-------------------------------------------
     0 | D:1      | Atweeke the Hill Orc Summoner began the quest for the Orb.
     0 | D:1      | Reached XP level 1. HP: 14/14 MP: 3/3
   136 | D:1      | HP: 4/14 [hobgoblin (3)]
   137 | D:1      | Reached XP level 2. HP: 6/20 MP: 1/4
   387 | D:1      | Learned a level 2 spell: Call Imp
   518 | D:1      | HP: 5/20 [kobold/whip (2)]
   519 | D:1      | HP: 1/20 [kobold/whip (4)]
   520 | D:1      | Slain by a kobold

Vault maps used:
D:1:      matt_arrival_los_fun, minmay_quantized

Action                   || total
-------------------------++-------
Melee: Unarmed           ||    20
       Club              ||    19
 Cast: Summon Small Mamm ||     8
       Call Imp          ||     2
 Stab: Distracted        ||     1
Armor: Robe              ||     5
Dodge: Dodged            ||    27

Table legend:
 A = Non-vault XP
 B = Vault XP
 C = Vault XP percentage of total XP
 D = Non-vault monster count
 E = Vault monster count
 F = Vault count percentage of total count
                 A         B        C        D         E       F
            +---------+---------+-------+---------+---------+-------
      Total |      18 |       4 |  18.2 |      14 |       3 |  17.6
            +---------+---------+-------+---------+---------+-------
        D:1 |      18 |       4 |  18.2 |      14 |       3 |  17.6
            +---------+---------+-------+---------+---------+-------
